 Dungeon Crawl Stone Soup version 0.29-a0-582-ge82337ba6a (webtiles) character file.

Game seed: 13881094027107659547

504 zeratav the Slicer (level 7, -2/40 HPs)
             Began as a Kobold Gladiator on June 14, 2022.
             Slain by xian's ghost (4 damage)
             ... on level 4 of the Dungeon.
             The game lasted 00:08:31 (4879 turns).

zeratav the Slicer (Kobold Gladiator)               Turns: 4879, Time: 00:08:31

Health: -2/40      AC:  5    Str: 11    XL:     7   Next: 41%
Magic:  7/7        EV: 15    Int:  9    God:
Gold:   206        SH:  0    Dex: 19    Spells: 6/6 levels left

rFire   . . .      SeeInvis .   a - +0 rapier {short}
rCold   . . .      Faith    .   (no shield)
rNeg    . . .      Spirit   .   b - +0 leather armour
rPois   .          Reflect  .   c - +0 helmet
rElec   .          Harm     .   (no cloak)
rCorr   .          Rampage  .   (no gloves)
Will    .....                   y - +0 pair of boots
Stlth   ++++......              (no amulet)
HPRegen 0.13/turn               (no ring)
MPRegen 0.10/turn               (no ring)

@: lethally poisoned (-2 -> -7)
A: small, no large weapons, nightstalker 3
a: no special abilities


You were on level 4 of the Dungeon.
You visited 1 branch of the dungeon, and saw 4 of its levels.

You collected 206 gold pieces.


Innate Abilities, Weirdness & Mutations

You are small and have problems with some larger weapons.
You are completely attuned to the shadows.


   Skills:
 - Level 2.1 Fighting
 + Level 9.3 Short Blades
 - Level 2.1 Throwing
 - Level 3.6 Dodging
 - Level 5.0 Stealth


You had 6 spell levels left.
You didn't know any spells.
Your spell library contained the following spells:

 Spells                   Type           Power      Damage    Failure   Level
 Magic Dart               Conj           0%         1d3       47%         1
 Blink                    Tloc           0%         N/A       63%         2
 Call Imp                 Summ           0%         N/A       63%         2
 Conjure Flame            Conj/Fire      0%         6-21      85%         3
 Ignite Poison            Fire/Tmut/Pois 0%         N/A       85%         3
 Lesser Beckoning         Tloc           0%         N/A       85%         3
 Mephitic Cloud           Conj/Pois/Air  0%         N/A       85%         3
 Tukima's Dance           Hex            0%         N/A       85%         3
 Passage of Golubria      Tloc           0%         N/A       99%         4
 Sticky Flame             Conj/Fire      0%         2d3       99%         4
 Manifold Assault         Tloc           0%         N/A       100%        5
 Yara's Violent Unravell  Hex/Tmut       0%         3d3       100%        5

Inventory:

Hand Weapons
 a - a +0 rapier (weapon) {short}
 i - a +0 dagger of venom {short}
   (You took it off a kobold on level 1 of the Dungeon)
 A - a +1 dagger of holy wrath {short}
   (You took it off a kobold on level 3 of the Dungeon)
Missiles
 d - a throwing net (quivered) {=fthrowing}
 e - 5 boomerangs {throwing}
Armour
 b - a +0 leather armour (worn)
 c - a +0 helmet (worn)
 u - a +0 leather armour
   (You took it off an orc on level 4 of the Dungeon)
 y - a +0 pair of boots (worn)
   (You found it on level 3 of the Dungeon)
 C - a +0 ring mail
   (You found it on level 4 of the Dungeon)
 D - a +0 cloak
   (You found it on level 4 of the Dungeon)
 F - a +0 leather armour
   (You took it off an orc on level 4 of the Dungeon)
 G - a +0 robe
   (You took it off Blork the orc on level 4 of the Dungeon)
 I - a +0 scale mail
   (You took it off an orc on level 4 of the Dungeon)
Jewellery
 o - a ring of poison resistance
   (You found it on level 2 of the Dungeon)
Wands
 H - a wand of flame (24)
   (You took it off Blork the orc on level 4 of the Dungeon)
Scrolls
 f - a scroll of noise {unknown}
 h - 3 scrolls of amnesia {unknown}
 l - a scroll of magic mapping {unknown}
 n - a scroll of teleportation {unknown}
 p - a scroll of poison {unknown}
 q - a scroll of immolation {unknown}
 r - 4 scrolls of identify {unknown}
 s - a scroll of fog {unknown}
 v - 2 scrolls of enchant weapon {unknown}
 x - 2 scrolls of blinking {unknown}
 B - a scroll of vulnerability {unknown}
Potions
 g - 2 potions of lignification {unknown}
 j - a potion of resistance {unknown}
 k - 3 potions of curing {unknown}
 m - a potion of heal wounds {unknown}
 t - a potion of attraction {unknown}
 w - a potion of might {unknown}
 z - a potion of berserk rage {unknown}
 E - a potion of mutation {unknown}

Dungeon Overview and Level Annotations

Branches:
Dungeon (4/15)
 Temple: D:4-7

Altars:

Shops:
D:1 ?   D:3 [

Annotations:
D:4 xian's ghost, amateur TeAE

#.# #.####.# #.#
#......#
#.#########.###.)#
#.#.........# #..#
#####
######.#.#########
#..# #....
.....#.#.#
#######..# #.###
.###.#.#.#
#........#######.#
.# #.#.#.#
#####.##..........#
.# #.#)#.#
(≈≈W@.#############
.###.#...########S#
........#.##.#.#..#
.###.##...##)#.####
.# #.####.))....#
.###.# #.#####.#
.....# #.# #.#
.##### #.# #.# .#
#.# #.#


You could see xian's ghost and an adder.


Message History

You take 3 damage, and now have 37/40 hp.
You barely miss the orc. The orc misses you.
You puncture the orc!
You kill the orc!
Things that are here:
a +0 whip {mace}; an orc corpse
Things that are here:
a +0 whip {mace}; an orc corpse
Things that are here:
a +0 mace {mace}; an orc corpse
I - a +0 scale mail
Things that are here:
a +0 dagger {short}; an orc corpse
Things that are here:
a +0 mace {mace}; an orc corpse
Things that are here:
a +0 whip {mace}; an orc corpse You see here 15 stones {throwing}.
There is a stone staircase leading up here.
Key pressed, stopping explore.
You now have 206 gold pieces (gained 14).
Key pressed, stopping explore.
There is a stone staircase leading down here.
You see here 9 stones {throwing}.
You see here 9 stones {throwing}.
There is a stone staircase leading down here.
The adder hisses angrily.
You hear an angry hiss.
HP[+3]
Your hp is fully restored (40).
Could not explore, unopened runed door.
Could not explore, unopened runed door.
You open the door. You hit the adder. Your punch misses the adder.
You puncture the adder! The adder bites you.
The adder bites you but does no damage.
HP[-2]
You take 2 damage, and now have 38/40 hp.
You closely miss the adder. The adder barely misses you.
Xian's ghost gestures at you while chanting.
The zap hits the adder!
The adder dies!
The zap hits you. x2
HP[-12]
You take 12 damage, and now have 26/40 hp.
MASSIVE DAMAGE!! (PAUSE)
The adder misses you.
Xian's ghost hits you but does no damage.
The adder bites you but does no damage.
There is an open translucent door, spattered with blood here.
You closely miss xian's ghost. The adder completely misses you.
Xian's ghost hits you but does no damage.
You hit xian's ghost but do no damage. The adder closely misses you.
Xian's ghost casts a spell at you. The zap hits you!
* * * LOW HITPOINT WARNING * * *
HP[-7]
You take 7 damage, and now have 19/40 hp.
You hit xian's ghost. The adder barely misses you.
You puncture xian's ghost! Xian's ghost closely misses you.
The adder bites you.
* * * LOW HITPOINT WARNING * * *
You are poisoned.
The adder poisons you!
HP[-2]
You take 2 damage, and now have 17/40 hp.
You barely miss the adder.
You feel sick.
Xian's ghost hits you but does no damage.
The adder bites you but does no damage.
HP[-1]
You take 1 damage, and now have 16/40 hp.
You hit the adder but do no damage.
You feel sick. The adder bites you.
* * * LOW HITPOINT WARNING * * *
You are more poisoned.
The adder poisons you! Xian's ghost hits you.
* * * LOW HITPOINT WARNING * * *
HP[-7]
You take 7 damage, and now have 9/40 hp.
You closely miss the adder.
* * * LOW HITPOINT WARNING * * *
You feel sick. The adder closely misses you.
HP[-2]
You take 2 damage, and now have 7/40 hp.
You miss the adder.
* * * LOW HITPOINT WARNING * * *
You feel sick. Xian's ghost casts a spell at you. The zap hits you.
* * * LOW HITPOINT WARNING * * *
The adder completely misses you.
HP[-4]
You take 4 damage, and now have 3/40 hp.
Throw: 2 throwing nets {=fthrowing}
Press: ? - help, Q - select action, (/) - cycle Shift-Dir - straight line, f - xian's ghost
Aim: xian's ghost (moderately damaged, 56% to hit, immune to nets)
You throw a throwing net {=fthrowing}.
The throwing net {=fthrowing} closely misses xian's ghost.
You hear a splash.
* * * LOW HITPOINT WARNING * * *
You feel sick. Xian's ghost hits you.
You die...

Skill      XL: |  1  2  3  4  5  6  7 |
---------------+----------------------+-----
Stealth        | 1 2 3 4 5 |  5.0
Short Blades   | 5 6 8 9 |  9.3
Fighting       | |  2.1
Throwing       | |  2.1
Dodging        | |  3.6

Action                   |  1- 3 |  4- 6 |  7- 9 || total
-------------------------+-------+-------+-------++-------
Melee: Rapier            |    65 |   112 |    59 ||   236
       Dagger            |       |    27 |       ||    27
       Punch             |       |     3 |     1 ||     4
Throw: Throwing net      |     2 |     1 |     1 ||     4
 Stab: Sleeping          |    14 |    15 |     6 ||    35
       Distracted        |     1 |       |       ||     1
Armor: Leather armour    |    19 |    16 |    10 ||    45
Dodge: Dodged            |    69 |    95 |    27 ||   191

Levels and vault maps discovered:
D:1:      evilmike_arrival_crescent, layout_basic, serial_shops, shop,
          minmay_fountain_box
D:2:      layout_rooms
D:3:      layout_loops_ring, hellmonk_ecumenical_altar_prayer_group,
          serial_shops, shop, uniq_natasha
D:4:      layout_loops_ring, ebering_ghost_sewer_d, uniq_blork_the_orc

Notes
Turn   | Place    | Note
-------+----------+-------------------------------------------
     0 | D:1      | zeratav the Kobold Gladiator began the quest for the Orb.
     0 | D:1      | Reached XP level 1. HP: 12/12 MP: 1/1
     0 | D:1      | magus.rc [v1.9.6]
    85 | D:1      | Reached skill level 1 in Stealth
    96 | D:1      | Found Hiutot's Magic Scroll Emporium.
   235 | D:1      | Reached XP level 2. HP: 17/17 MP: 2/2
   321 | D:1      | Reached skill level 2 in Stealth
   449 | D:1      | You pick up a book of Minor Magic and begin reading...
   449 | D:1      | You add the spells Magic Dart, Call Imp and Mephitic Cloud
                  | to your library.
   466 | D:1      | Reached XP level 3. HP: 21/21 MP: 3/3
   869 | D:2      | You pick up a book of Spatial Translocations and begin
                  | reading...
   869 | D:2      | You add the spells Blink, Lesser Beckoning and Manifold
                  | Assault to your library.
   902 | D:1      | Reached skill level 5 in Short Blades
   902 | D:1      | Reached skill level 3 in Stealth
  1128 | D:2      | Reached XP level 4. HP: 23/26 MP: 4/4
  1225 | D:2      | HP: 3/26 [gnoll/+0 club (5)]
  1668 | D:2      | Reached skill level 4 in Stealth
  1816 | D:2      | Reached XP level 5. HP: 29/30 MP: 5/5
  2478 | D:3      | Noticed Natasha
  2510 | D:3      | Killed Natasha
  2511 | D:3      | Reached skill level 6 in Short Blades
  2552 | D:3      | Noticed Natasha
  2562 | D:3      | Killed Natasha
  2563 | D:3      | Reached skill level 5 in Stealth
  2749 | D:3      | Reached XP level 6. HP: 35/35 MP: 6/6
  2772 | D:3      | Reached skill level 7 in Short Blades
  3023 | D:3      | Found Xaxiry's Antique Armour Boutique.
  3023 | D:3      | Noticed Natasha
  3049 | D:3      | Killed Natasha
  3074 | D:3      | You add the spells Conjure Flame, Ignite Poison and Sticky
                  | Flame to your library.
  3192 | D:3      | Found a faded altar of an unknown god.
  3313 | D:4      | HP: 8/35 [poisoned by a scorpion]
  3681 | D:4      | Found a runed translucent door.
  3687 | D:4      | Noticed xian's ghost (amateur TeAE)
  3862 | D:4      | Reached skill level 8 in Short Blades
  3896 | D:4      | Reached XP level 7. HP: 40/40 MP: 7/7
  4184 | D:4      | Noticed Blork the orc
  4185 | D:4      | You add the spells Tukima's Dance, Passage of Golubria and
                  | Yara's Violent Unravelling to your library.
  4200 | D:4      | HP: 6/40 [Blork the orc/puff of flame (6)]
  4203 | D:4      | Killed Blork the orc
  4204 | D:4      | Reached skill level 9 in Short Blades
  4876 | D:4      | HP: 9/40 [xian's ghost (4)]
  4878 | D:4      | HP: 3/40 [xian's ghost/zap (3)]
  4879 | D:4      | Slain by xian's ghost

Vanquished Creatures
  Blork the orc (D:4)
  2 scorpions (D:4)
  An orc priest (D:4)
  Natasha (thrice) (D:3)
  5 adders
  7 gnolls
  A worm (D:3)
  4 dart slugs
  10 orcs (D:4)
  8 ball pythons
  7 endoplasms
  A giant cockroach (D:3)
  6 goblins
  3 hobgoblins
  7 jackals
  4 quokkas
  7 bats
  2 frilled lizards (D:2)
  9 kobolds
  4 rats
92 creatures vanquished.

Vanquished Creatures (others)
  An adder (D:4)
1 creature vanquished.

Grand Total: 93 creatures vanquished

Table legend:
 A = Non-vault XP
 B = Vault XP
 C = Vault XP percentage of total XP
 D = Non-vault monster count
 E = Vault monster count
 F = Vault count percentage of total count
                 A         B        C        D         E       F
            +---------+---------+-------+---------+---------+-------
      Total |     581 |     139 |  19.3 |      86 |       7 |   7.5
            +---------+---------+-------+---------+---------+-------
        D:1 |      63 |       0 |   0.0 |      28 |       0 |   0.0
        D:2 |      78 |       0 |   0.0 |      18 |       0 |   0.0
        D:3 |     177 |      42 |  19.2 |      20 |       5 |  20.0
        D:4 |     263 |      97 |  26.9 |      20 |       2 |   9.1
            +---------+---------+-------+---------+---------+-------

Illustrated notes

Table legend:
 A = Kills in this place as a percentage of kills in entire the game.
 B = Kills by you in this place as a percentage of kills by you in the entire game.
 C = Kills by friends in this place as a percentage of kills by friends in the entire game.
 D = Other kills in this place as a percentage of other kills in the entire game.
 E = Experience gained in this place as a percentage of experience gained in the entire game.
 F = Experience gained in this place divided by the number of levels of this place that you have seen.
                   A       B       C       D       E      F
               +-------+-------+-------+-------+-------+----------------------
         Total | 100.0 | 100.0 |   N/A | 100.0 | 100.0 | 180.0
       Dungeon | 100.0 | 100.0 |   N/A | 100.0 | 100.0 | 180.0
               +-------+-------+-------+-------+-------+----------------------

Table legend: (Time is in decaauts)
 A = Elapsed time spent in this place.
 B = Non-inter-level travel time spent in this place.
 C = Inter-level travel time spent in this place.
 D = Time resting spent in this place.
 E = Time spent auto-exploring this place.
 F = Levels seen in this place.
 G = Mean time per level.
                   A        B        C        D        E       F      G
               +--------+--------+--------+--------+--------+-----+--------+
         Total |   4845 |   4775 |     70 |   1256 |   2746 |   4 | 1211.2 |
       Dungeon |   4845 |   4775 |     70 |   1256 |   2746 |   4 | 1211.2 |
               +--------+--------+--------+--------+--------+-----+--------+

Top non-repeatable levels by time:
     D:4: 1578 daAuts
     D:1: 1371 daAuts
     D:3: 1250 daAuts
     D:2: 645 daAuts
